 Dungeon Crawl Stone Soup version 0.31.0-9-g3a7656b989 (webtiles) character file.

Game seed: 13836245811104519058

293 Peloso the Covered (level 6, -3/60 HPs)
             Began as a Minotaur Fighter on Feb 5, 2024.
             Was an Initiate of Okawaru.
             Killed from afar by Dowan (5 damage)
             ... with a stone arrow
             ... on level 4 of the Dungeon.
             The game lasted 00:05:02 (3117 turns).

Peloso the Covered (Minotaur Fighter)               Turns: 3117, Time: 00:05:02

Health: -3/60      AC:  9    Str: 20    XL:     6   Next: 11%
Magic:  0/5        EV:  8    Int:  5    God:    Okawaru [......]
Gold:   199        SH:  5    Dex: 12    Spells: 5/5 levels left

rFire   . . .        a - +0 long sword
rCold   . . .        d - +0 buckler
rNeg    . . .        r - +0 chain mail
rPois   .            (helmet restricted)
rElec   .            (no cloak)
rCorr   .            (no gloves)
SInv    .            (no boots)
Will    .....        e - amulet of guardian spirit Stlth
                     (no ring)
HPRegen 0.30/turn    (no ring)
MPRegen 0.09/turn

%: guardian spirit
@: no status effects
A: horns 2, retaliatory headbutt, robust 1, MP-powered wands
a: Renounce Religion


You were on level 4 of the Dungeon.
You worshipped Okawaru.
Okawaru was noncommittal.
You visited 2 branches of the dungeon, and saw 5 of its levels.

You collected 199 gold pieces.

Inventory:

Hand Weapons
 a - a +0 long sword (weapon)
 b - the +10 flail of Nightmares {flame, *Noise rC++ Dex+3 Stlth+}
   (You found it on level 2 of the Dungeon)

   Dex+3:     It affects your dexterity (+3).
   rC++:      It greatly protects you from cold.
   *Noise:    It may make a loud noise when swung.
   Stlth+:    It makes you more stealthy.
Armour
 c - a +0 scale mail
 d - a +0 buckler (worn)
 r - a +0 chain mail (worn)
Jewellery
 e - an amulet of guardian spirit (around neck)
 j - an amulet of magic regeneration
Wands
 h - a wand of digging (7)
Scrolls
 g - a scroll of immolation
 l - a scroll of teleportation
 n - a scroll of noise {unknown}
 o - a scroll of identify {unknown}
 q - a scroll of fear {unknown}
 s - a scroll of blinking {unknown}
Potions
 i - a potion of might
 p - 2 potions of brilliance


   Skills:
 + Level 4.8 Fighting
 + Level 5.1 Long Blades
 + Level 5.3 Armour
 + Level 0.8 Dodging
 + Level 4.3 Shields


You had 5 spell levels left.
You didn't know any spells.
Your spell library contained the following spells:

 Spells                   Type           Power      Damage    Failure   Level
 Mercury Vapours          Alch/Air       0%         N/A       100%        2
 Mephitic Cloud           Conj/Alch/Air  0%         N/A       100%        3
 Freezing Cloud           Conj/Ice/Air   0%         6-21      100%        5


Dungeon Overview and Level Annotations

Branches:
Dungeon (4/15)             Temple (1/1) D:4

Altars:
Ashenzari
Cheibriados
Dithmenos
Elyvilon
Gozag
Hepliaklqana
Kikubaaqudgha
Makhleb
Nemelex Xobeh
Okawaru
Ru
Sif Muna
Uskayaw
Wu Jian
Xom
Yredelemnul
Zin
The Shining One

Shops:
D:1 :   D:2 :

Annotations:
D:3 1 runed translucent door
D:4 Dowan


Innate Abilities, Weirdness & Mutations

You have a pair of horns on your head.
You reflexively headbutt those who attack you in melee.
You are robust. (+10% HP)
You expend magic power (3 MP) to strengthen your wands.


Message History

The iguana is almost dead.
The iguana bites you but does no damage.
Unknown command.
You closely miss the iguana.
The iguana is almost dead.
You block the iguana's attack.
The iguana hisses menacingly.
The iguana bites you.
* * * LOW HITPOINT WARNING * * *
Unknown command.
You hit the iguana.
You kill the iguana!
Okawaru accepts your kill.
Dowan casts a spell.
Dowan blinks!
Unknown command.
Items here: ) [ ††.
Unknown command.
Dowan points at you and mumbles some strange words.
The shard of ice hits you.
* * * LOW HITPOINT WARNING * * *
Unknown command.
Dowan gestures wildly while chanting.
Dowan blinks!
Unknown command.
You are no longer glowing.
Dowan hits you with a +0 dagger.
* * * LOW HITPOINT WARNING * * *
Dowan hits you but does no damage. Dowan casts a spell at you.
You block the stone arrow.
You closely miss Dowan. Your headbutt misses Dowan.
Dowan points at you and mumbles some strange words.
The shard of ice misses you.
Dowan casts a spell.
Dowan blinks!
Dowan says, "Magic will overcome all!"
Dowan gestures at you while chanting. The stone arrow hits you.
You die...

.....##### ##..........#
.........##.# #......#..#)#
#.........#....#
.........###...## #####
#...............## #...####
#...).#.....#...# #.#.....
#...###e.>.@###.# #...####
#.....#.....#...# ##.##
#............[.## ##.##
#.#.....###...#######...####
#..#...#...## #...........
.... ##..#[.## #.###...####
...# ##...## ###.####.## #.
..###...# #.....##.# #
........####.###.##.#####


You could see Dowan (fast).

Vanquished Creatures
  Duvessa (D:4)
  An iguana (D:4)
  3 adders
  4 gnolls
  4 ribbon worms
  4 dart slugs
  An orc (D:3)
  5 ball pythons
  10 endoplasms
  2 giant cockroaches (D:1)
  5 goblins
  4 hobgoblins
  4 jackals
  6 quokkas
  5 bats
  A frilled lizard (D:3)
  7 kobolds
  6 rats
73 creatures vanquished.

Notes
Turn   | Place    | Note
-------+----------+-------------------------------------------
     0 | D:1      | Peloso the Minotaur Fighter began the quest for the Orb.
     0 | D:1      | Reached XP level 1. HP: 19/19 MP: 0/0
   176 | D:1      | Reached XP level 2. HP: 25/27 MP: 1/1
   435 | D:1      | Reached XP level 3. HP: 27/33 MP: 2/2
   524 | D:1      | Found Fiomua's Book Boutique.
  1154 | D:2      | Reached XP level 4. HP: 29/40 MP: 3/3
  1185 | D:2      | Identified the +10 flail of Nightmares {flame, *Noise rC++
                  | Dex+3 Stlth+}
  1498 | D:2      | Found Rusy's Book Shop.
  1781 | D:3      | Found a shadowy altar of Dithmenos.
  1917 | D:3      | Found a shimmering blue altar of Sif Muna.
  1949 | D:3      | Found a faded altar of an unknown god.
  2193 | D:3      | Found a hide-covered altar of Uskayaw.
  2195 | D:3      | Found a hazy altar of Hepliaklqana.
  2197 | D:3      | Found a burning altar of Makhleb.
  2284 | D:3      | Reached XP level 5. HP: 47/47 MP: 4/4
  2307 | D:3      | Found an iron altar of Okawaru.
  2309 | D:3      | Found a runed translucent door.
  2313 | D:3      | Noticed a centaur
  2315 | D:3      | Found the +0 toga "Victory" {*Victory Clar}
  2317 | D:3      | Became a worshipper of Warmaster Okawaru
  2403 | D:3      | Found a glowing golden altar of the Shining One.
  3069 | D:4      | Noticed Dowan
  3070 | D:4      | Found a staircase to the Ecumenical Temple.
  3070 | D:4      | Noticed Duvessa
  3076 | Temple   | Entered the Ecumenical Temple
  3098 | D:4      | Gained mutation: You expend magic power (3 MP) to
                  | strengthen your wands. [potion of mutation]
  3098 | D:4      | Gained mutation: You are robust. (+10% HP) [potion of
                  | mutation]
  3102 | D:4      | Killed Duvessa
  3103 | D:4      | Reached skill level 5 in Long Blades
  3103 | D:4      | Reached skill level 5 in Armour
  3103 | D:4      | Reached XP level 6. HP: 14/60 MP: 0/5
  3111 | D:4      | HP: 2/60 [Dowan/shard of ice (5)]
  3117 | D:4      | Killed from afar by Dowan

Illustrated notes

Levels and vault maps discovered:
D:1:      elethiomel_arrival_infinity_welcomes_careful_drivers,
          layout_loops_ring, serial_shops, nicolae_shop_trees
D:2:      layout_rooms, serial_shops, shop
D:3:      layout_basic, led_sif_pool, grunt_dithmenos_smoke_and_mirrors,
          nicolae_overflow_guarded_unrand_okawaru_victory,
          grunt_temple_overflow_open, mainiacjoe_overflow_alcove_2,
          chequers_ecumenical_altar_simple_redux, st_stairs_11
D:4:      layout_loops_ring, minmay_temple_entry_tees, uniq_robin, uniq_duvessa
Temple:   hellmonk_temple_of_storms

Skill      XL: |  1  2  3  4  5 |
---------------+----------------+-----
Shields        | 4 |  4.3
Fighting       | 4 |  4.8
Armour         | 4 5 |  5.3
Long Blades    | 3 4 5 |  5.1
Dodging        | |  0.8

Action                     |  1- 3 |  4- 6 || total
---------------------------+-------+-------++-------
  Melee: Long sword        |    85 |   139 ||   224
         Headbutt          |    16 |    19 ||    35
    Use: Potion            |     3 |     3 ||     6
         Scroll            |       |     4 ||     4
 Armour: Scale mail        |    60 |    57 ||   117
         Chain mail        |       |    49 ||    49
  Dodge: Dodged            |    39 |    44 ||    83
  Block: Buckler           |    20 |    51 ||    71
